 Dungeon Crawl Stone Soup version 0.25-a0-114-g53d2a09 (webtiles) character file.

Game seed: 1436898998923580306, levelgen mode: deterministic

79 Blackhawk the Poker (level 4, 26/35 HPs)
             Began as a Merfolk Gladiator on Nov 15, 2019.
             Quit the game on level 2 of the Dungeon on Nov 20, 2019.
             The game lasted 00:07:03 (1392 turns).

Blackhawk the Poker (Merfolk Gladiator)             Turns: 1392, Time: 00:07:03

Health: 26/35      AC:  9    Str: 15    XL:     4   Next: 37%
Magic:  4/4        EV:  5    Int:  7    God:
Gold:   40         SH:  7    Dex: 15    Spells: 3/3 levels left

rFire    . . .     SeeInvis .   a - +0 trident
rCold    . . .     Gourm    .   i - +0 shield
rNeg     . . .     Faith    .   j - +0 chain mail
rPois    .         Spirit   .   c - +0 helmet
rElec    .         Reflect  .   (no cloak)
rCorr    .         Harm     .   (no gloves)
MR       .....     Rnd*Tele +   (no boots)
Stlth    ..........             (no amulet)
HPRegen  0.11/turn              e - ring of teleportation (curse)
MPRegen  0.09/turn              (no ring)

@: heavily drained
A: change form in water, swift swim, stealthy swim
a: no special abilities


You were on level 2 of the Dungeon.
You were hungry.

You visited 1 branch of the dungeon, and saw 2 of its levels.

You collected 40 gold pieces.

Inventory:

Hand Weapons
 a - a +0 trident (weapon)
Missiles
 d - 3 throwing nets (quivered)
Armour
 b - a +0 leather armour
 c - a +0 helmet (worn)
 i - a +0 shield (worn)
 j - a +0 chain mail (worn)
Jewellery
 e - a cursed ring of teleportation (left hand)
Scrolls
 g - a scroll of identify
 o - a scroll of enchant weapon {unknown}
Potions
 h - 2 potions of mutation
 k - a potion of agility {unknown}
 l - a potion of might {unknown}
 m - a potion of berserk rage {unknown}
 n - 2 potions of flight {unknown}
Comestibles
 f - 2 rations


   Skills:
 + Level 3.3(2.2) Fighting
 + Level 5.5(4.3) Polearms
 - Level 2.0(0.9) Throwing
 + Level 5.0(3.8) Dodging


You had 3 spell levels left.
You didn't know any spells.
Your spell library was empty.

Dungeon Overview and Level Annotations

Branches:
Dungeon (2/15)

Altars:


Message History

Press ? for a list of commands and other information.
Welcome back, Blackhawk the Merfolk Gladiator.
Press ? for a list of commands and other information.
Welcome back, Blackhawk the Merfolk Gladiator.
Press ? for a list of commands and other information.
Welcome back, Blackhawk the Merfolk Gladiator.
Press ? for a list of commands and other information.
You feel sick.
You feel sick.
You feel sick.
You feel sick.
You are no longer poisoned.
All of the chunks of flesh in your inventory have rotted away.
You are feeling hungry.
You feel strangely unstable.
You are suddenly yanked towards a nearby monster!
Your surroundings suddenly seem different.
A rat comes into view.
Found 17 stones.
Found a stone staircase leading up.
Are you sure you want to abandon this character and quit the game? (Confirm with "yes".)

......S...
.........#
.######
.........#
.......
.....#####
.......
##########
.......
.......'
.......########
########
..............<
# .......@...#
#
..##...........
# #...........
#...........
#.r.........
#...........
#...........
######...(..


You could see a rat.

Vanquished Creatures
  Terence (D:2)
  2 adders (D:2)
  An ooze (D:1)
  A dart slug (D:2)
  A leopard gecko (D:1)
  4 bats (D:1)
  2 giant cockroaches
  4 goblins (D:1)
  4 hobgoblins (D:1)
  3 frilled lizards
  A kobold (D:1)
  5 rats
29 creatures vanquished.

Notes
Turn   | Place    | Note
-------+----------+-------------------------------------------
     0 | D:1      | Blackhawk the Merfolk Gladiator began the quest for the
                  | Orb.
     0 | D:1      | Reached XP level 1. HP: 16/16 MP: 1/1
    18 | D:1      | Upgraded the game from 0.25-a0-100-g33052ce to
                  | 0.25-a0-102-gbfa96ce
    91 | D:1      | Reached XP level 2. HP: 23/23 MP: 2/2
   656 | D:1      | Reached skill level 5 in Polearms
   656 | D:1      | Reached XP level 3. HP: 24/28 MP: 3/3
  1125 | D:2      | Noticed Terence
  1272 | D:2      | Killed Terence
  1272 | D:2      | Reached skill level 5 in Dodging
  1272 | D:2      | Reached XP level 4. HP: 25/35 MP: 4/4
  1284 | D:2      | Upgraded the game from 0.25-a0-102-gbfa96ce to
                  | 0.25-a0-105-g2289b3b
  1284 | D:2      | Upgraded the game from 0.25-a0-105-g2289b3b to
                  | 0.25-a0-114-g53d2a09
  1392 | D:2      | Quit the game

Levels and vault maps discovered:
D:1:      lightli_arrival_statue_moat, layout_basic
D:2:      layout_basic, zin_academy, eino_tiny_chamber, grunt_decor_resistance,
          uniq_terence, uniq_jessica

Skill      XL: |  1  2  3 |
---------------+----------+-----
Polearms       | 5 |  5.5
Fighting       | 3 |  3.3
Dodging        | 5 |  5.0
Throwing       | |  2.0

Action                   |  1- 3 |  4- 6 || total
-------------------------+-------+-------++-------
Melee: Trident           |    95 |    11 ||   106
  Use: Scroll            |     3 |       ||     3
  Eat: Chunk             |     1 |       ||     1
Armor: Leather armour    |    12 |       ||    12
       Chain mail        |    15 |     9 ||    24
Dodge: Dodged            |    54 |       ||    54
Block: Shield            |    17 |     5 ||    22

Table legend:
 A = Non-vault XP
 B = Vault XP
 C = Vault XP percentage of total XP
 D = Non-vault monster count
 E = Vault monster count
 F = Vault count percentage of total count
                 A         B        C        D         E       F
            +---------+---------+-------+---------+---------+-------
      Total |      75 |      38 |  33.6 |      28 |       1 |   3.4
            +---------+---------+-------+---------+---------+-------
        D:1 |      41 |       0 |   0.0 |      22 |       0 |   0.0
        D:2 |      34 |      38 |  52.8 |       6 |       1 |  14.3
            +---------+---------+-------+---------+---------+-------
